 Dungeon Crawl Stone Soup version 0.27.1-33-g824d729ab1 (webtiles) character file.

Game seed: 4613643945807722576

108 Grabarz the Poker (level 4, -4/37 HPs)
             Began as a Hill Orc Gladiator on Dec 7, 2021.
             Killed by nerve-wracking pain
             ... invoked by Grinder
              (8 damage)
             ... while paralysed by Grinder
             ... on level 3 of the Dungeon.
             The game lasted 00:09:26 (2150 turns).

Grabarz the Poker (Hill Orc Gladiator)              Turns: 2150, Time: 00:09:27

Health: -4/37      AC:  5    Str: 17    XL:     4   Next: 87%
Magic:  4/4        EV:  2    Int:  8    God:
Gold:   86         SH:  0    Dex: 12    Spells: 3/3 levels left

rFire    . . .     SeeInvis .   a - +0 trident
rCold    . . .     Faith    .   i - +0 buckler
rNeg     . . .     Spirit   .   b - +0 leather armour
rPois    .         Reflect  .   c - +0 helmet
rElec    .         Harm     .   (no cloak)
rCorr    .         Rampage  .   h - +0 pair of gloves
Will     .....                  (no boots)
Stlth    +.........             (no amulet)
HPRegen  0.12/turn              (no ring)
MPRegen  0.09/turn              (no ring)

@: paralysed
A: no striking features
a: no special abilities


You were on level 3 of the Dungeon.
You visited 1 branch of the dungeon, and saw 3 of its levels.

You collected 86 gold pieces.

Inventory:

Hand Weapons
 a - a +0 trident (weapon)
Armour
 b - a +0 leather armour (worn)
 c - a +0 helmet (worn)
 h - a +0 pair of gloves (worn)
 i - a +0 buckler (worn)
Scrolls
 j - a scroll of teleportation
Potions
 e - a potion of brilliance {unknown}
 f - a potion of heal wounds {unknown}
 g - a potion of invisibility {unknown}


   Skills:
 + Level 2.9 Fighting
 + Level 4.6 Polearms
 + Level 1.9 Throwing
 + Level 1.6 Armour
 + Level 2.9 Dodging
 + Level 0.4 Stealth


You had 3 spell levels left.
You didn't know any spells.
Your spell library was empty.

Dungeon Overview and Level Annotations

Branches:
Dungeon (3/15)

Altars:

Annotations:
D:3 Grinder


Message History

You hit Grinder.
Grinder is moderately wounded.
Grinder struggles against the net.
You catch the helpless Grinder completely off-guard!
You hit Grinder.
Grinder is moderately wounded.
Grinder struggles against the net. x2
The net rips apart, and Grinder comes free!
You closely miss Grinder.
Grinder is moderately wounded.
Grinder closely misses you.
You hit Grinder.
Grinder is heavily wounded.
Grinder barely misses you.
You closely miss Grinder.
Grinder is heavily wounded.
Grinder hits you.
You closely miss Grinder.
Grinder is heavily wounded.
Grinder blinks!
You hit Grinder.
Grinder is severely wounded.
Grinder hits you.
You writhe in agony.
Grinder says, "There's only one good use for a tongue: cutting it out."
You block Grinder's attack.
You closely miss Grinder.
Grinder is severely wounded.
Grinder gestures at you.
You suddenly lose the ability to move!
Grinder hits you but does no damage.
Grinder says, "Wait up."
Grinder gestures at you.
You shrug off the repeated paralysis!
Grinder hits you!
* * * LOW HITPOINT WARNING * * *
You writhe in agony.
* * * LOW HITPOINT WARNING * * *
Grinder gestures at you. Pain shoots through your body!
You die...

######### #........ ########
####.##### #......# #(.(.5@..#
#.####.# #.##.###.# #.# #.#
#.##.# ... #.# #.# #.##.# ####
#.# #.# #.##.# #.####.# #.##.#
#.#..#.# #.##.###########.#..#.#
###########.##..........#.....#.#
.............................>..#


You could see Grinder.

Vanquished Creatures
  Natasha (thrice) (D:3)
  A worm (D:2)
  2 ball pythons (D:1)
  6 bats
  2 endoplasms (D:1)
  3 goblins
  A hobgoblin (D:1)
  2 quokkas (D:1)
  3 frilled lizards
  6 kobolds
  4 rats
33 creatures vanquished.

Notes
Turn   | Place    | Note
-------+----------+-------------------------------------------
     0 | D:1      | Grabarz the Hill Orc Gladiator began the quest for the Orb.
     0 | D:1      | Reached XP level 1. HP: 18/18 MP: 1/1
   265 | D:1      | Reached XP level 2. HP: 25/25 MP: 2/2
   364 | D:1      | Found a faded altar of an unknown god.
  1049 | D:2      | Reached XP level 3. HP: 30/30 MP: 3/3
  1236 | D:2      | Reached skill level 1 in Armour
  1318 | D:3      | Noticed Natasha
  1325 | D:3      | Killed Natasha
  1326 | D:3      | Reached skill level 4 in Polearms
  1572 | D:3      | Noticed Natasha
  1584 | D:3      | Killed Natasha
  1585 | D:3      | Reached XP level 4. HP: 37/37 MP: 4/4
  1802 | D:3      | Noticed Natasha
  1811 | D:3      | Killed Natasha
  2129 | D:3      | Noticed Grinder
  2146 | D:3      | Paralysed by Grinder for 6 turns
  2150 | D:3      | Killed from afar by Grinder

Illustrated notes

Levels and vault maps discovered:
D:1:      ebering_trefoil_3fold, layout_basic, hellmonk_ecumenical_altar_run_dry
D:2:      layout_basic, serial_park_tiny_1
D:3:      layout_basic, uniq_natasha, uniq_grinder

Skill      XL: |  1  2  3 |
---------------+----------+-----
Armour         | 1 |  1.6
Polearms       | 4 |  4.6
Fighting       | |  2.9
Throwing       | |  1.9
Dodging        | |  2.9
Stealth        | |  0.4

Action                   |  1- 3 |  4- 6 || total
-------------------------+-------+-------++-------
Melee: Trident           |    87 |    57 ||   144
Throw: Throwing net      |     3 |     3 ||     6
  Use: Scroll            |     1 |     2 ||     3
 Stab: Distracted        |     1 |       ||     1
       Held in net/web   |       |     2 ||     2
Armor: Leather armour    |    23 |    14 ||    37
Dodge: Dodged            |    43 |    25 ||    68
Block: Buckler           |     1 |     8 ||     9
